 Zot Defence DCSS version 0.15.2 (webtiles) character file.

8002 Enroth the Hoplite (level 11, -38/75 (99) HPs)
             Began as a Deep Dwarf Fighter on Jan 9, 2016.
             Was a Believer of Trog.
             Killed from afar by a fire dragon (42 damage)
             ... with a blast of flame
             ... summoned by a boggart
             ... in the Realm of Zot (Scenario III: Two or Three?) on Jan 10, 2016.
             The game lasted 00:30:13 (1938 turns).

Enroth the Hoplite (Deep Dwarf Fighter)             Turns: 1938, Time: 00:30:13

HP -38/75 (99)   AC  8     Str 24      XL: 11   Next:  4%
MP   9/12        EV 10     Int  8      God: Trog [**....]
Gold 0           SH 12     Dex 11 (12) Spells:  0 memorised, 10 levels left

rFire  . . .     SeeInvis .     n - +0 hand axe (flame)
rCold  . . .     Clarity  .     b - +0 scale mail
rNeg   . . .     rCorr    .     c - +0 shield
rPois  .         rRot     .     (no helmet)
rElec  .         Spirit   .     (no cloak)
SustAb .         Warding  .     (no gloves)
rMut   .         Stasis   .     (no boots)
Gourm  .                        (no amulet)
MR     +....                    (no ring)
                                (no ring)

@: exhausted, liquid flames, non-regenerating, slowed, glowing, very slow,
somewhat resistant to hostile enchantments, extremely unstealthy
A: damage resistance, recharge devices, sense surroundings 2, slow healing 3
a: Make oklob sapling, Make arrow trap, Make plant, Remove Curse, Make burning
bush, Make altar, Make grenades, Make oklob plant, Make net trap, Make ice
statue, Make spear trap, Make alarm trap, Device Recharging, Burn Spellbooks,
Berserk, Trog's Hand, Renounce Religion


You were in the Realm of Zot.
You worshipped Trog.
Trog was pleased with you.
You were not hungry.

You visited 1 branch

Inventory:

Hand weapons
 a - a +0 war axe
 n - a +0 hand axe of flaming (weapon)
Missiles
 m - 3 stones (quivered)
Armour
 b - a +0 scale mail (worn)
 c - a +0 shield (worn)
Magical devices
 d - a wand of heal wounds (0)
Comestibles
 g - a bread ration
Potions
 e - a potion of might
 f - 2 potions of curing
 i - a potion of haste
 j - 2 potions of magic
 k - a potion of berserk rage


   Skills:
 + Level 6.9 Fighting
 + Level 9.0 Axes
 + Level 0.6 Throwing
 + Level 8.5 Armour
 + Level 8.3 Dodging
 + Level 9.5 Shields
 + Level 3.0 Evocations


You had 10 spell levels left.
You didn't know any spells.

Dungeon Overview and Level Annotations

Branches:
    Zot (1/1)

Altars:
Trog


Innate Abilities, Weirdness & Mutations

You are resistant to damage.
You can recharge devices by infusing magical energy.
You passively map the area around you.
You do not heal naturally.


Message History

Your plant is engulfed in freezing vapours.
The grey draconian scorcher dissolves into shadows!
Your ice statue throws ice at the fire dragon.
The shard of ice hits the fire dragon.
The fire dragon is frozen!
The fire dragon bites your ice statue!
The fire dragon claws your ice statue but does no damage.
The fire dragon tramples your ice statue!
The boggart gestures wildly while chanting.
The boggart blinks!
Something hits you but does no damage.
Deactivating autopickup; reactivate with Ctrl-A.
Something hits you!
* * * LOW HITPOINT WARNING * * *
Something bites you.
* * * LOW HITPOINT WARNING * * *
The fire dragon bites your ice statue. The fire dragon claws your ice statue.
The fire dragon tramples your ice statue!
The fire dragon breathes flames at you. The blast of flame hits you!
Ouch! That really hurt!
You die...

▓▓...▓..▓▓▓▓▓▓▓▓.▓▓▓▓▓▓▓▓..▓...▓▓
▓▓...▓..▓ ▓^▓ ▓..▓...▓▓ ▓....▓..▓
▓▓^▓▓ ▓..▓....▓ .....▓..▓ ▓...▓
▓..▓..... .....▓..▓ ▓▓Y..▓▓
▓..▓..... .....▓..▓ ▓▓.Y%..▓▓
▓..▓.....
.....▓..▓▓▓▓▓.%.8.Y.▓▓▓▓▓..▓.....
....▓▓...▓▓....D.{....▓▓...▓▓....
▓▓▓▓▓▓▓.(d^..)qD@uy..%^^..▓▓▓▓▓▓▓
▓▓▓▓▓)g§§§8)....▓▓▓▓▓
▓▓▓§§§§...▓▓▓ ▓▓§PPP.▓▓ ▓▓PPP▓▓
▓...▓ ▓▓▓▓▓


You could see a purple draconian monk, a purple draconian, 2 fire dragons, a red
ugly thing (berserk), a moth of wrath, a boggart, 2 friendly ice statues, 2
friendly oklob plants and 3 friendly ice beasts.

Vanquished Creatures
  A wraith (Zot)
  A yak (shapeshifter) (Zot)
  A vampire (Zot)
  6 black bears (Zot)
  A water moccasin (Zot)
  2 phantoms (Zot)
  A centaur (Zot)
  4 ogres (Zot)
  Sigmund (Zot)
  A big kobold (Zot)
  6 giant frogs (Zot)
  2 cyclops zombies (Zot)
  A yak skeleton (Zot)
  A tengu zombie (Zot)
  A black bear zombie (Zot)
  2 hounds (Zot)
  A centaur zombie (Zot)
  An orc priest (Zot)
  A worker ant (Zot)
  2 orc wizards (Zot)
  A brain worm zombie (Zot)
  A mottled dragon zombie (Zot)
  3 hound zombies (Zot)
  Terence (Zot)
  A worker ant zombie (Zot)
  4 adders (Zot)
  4 gnolls (Zot)
  A green rat (Zot)
  3 giant mites (Zot)
  A shadow imp (Zot)
  4 adder skeletons (Zot)
  An adder zombie (Zot)
  An iguana zombie (Zot)
  6 oozes (Zot)
  3 orcs (Zot)
  A ball python (Zot)
  6 bats (Zot)
  A bat skeleton (Zot)
  A bat zombie (Zot)
  3 giant cockroaches (Zot)
  A giant mite zombie (Zot)
  6 goblins (Zot)
  4 hobgoblins (Zot)
  A human zombie (Zot)
  4 jackals (Zot)
  2 kobolds (Zot)
  A quokka (Zot)
  2 ball python skeletons (Zot)
  A giant newt (Zot)
  A giant spore (Zot)
  2 gnoll skeletons (Zot)
  A gnoll zombie (Zot)
  4 goblin skeletons (Zot)
  A goblin zombie (Zot)
  2 hobgoblin skeletons (Zot)
  A hobgoblin zombie (Zot)
  A jackal skeleton (Zot)
  A jackal zombie (Zot)
  2 orc skeletons (Zot)
  2 orc zombies (Zot)
  3 rats (Zot)
  2 rat skeletons (Zot)
  2 rat zombies (Zot)
  4 plants (Zot)
135 creatures vanquished.

Vanquished Creatures (collateral kills)
  A moth of wrath (Zot)
  2 slime creatures (Zot)
  4 blink frogs (Zot)
  An orc warrior (Zot)
  2 vampire mosquitoes (Zot)
  A hill giant zombie (Zot)
  Menkaure (Zot)
  A water moccasin (Zot)
  2 phantoms (Zot)
  A boggart (Zot)
  A centaur (Zot)
  A giant frog (Zot)
  3 orc priests (Zot)
  A worker ant (Zot)
  2 iguanas (Zot)
  A sheep (Zot)
  Ijyb (Zot)
  2 green rats (Zot)
  4 adders (Zot)
  A giant mite (Zot)
  A giant gecko (Zot)
  An orc (Zot)
  2 ball pythons (Zot)
  2 giant cockroaches (Zot)
  2 hobgoblins (Zot)
  A quokka (Zot)
  8 bats (Zot)
  2 giant newts (Zot)
  A giant spore (Zot)
  6 goblins (Zot)
  2 jackals (Zot)
  7 kobolds (Zot)
  2 kobold zombies (Zot)
  2 rats (Zot)
  A plant (Zot)
73 creatures vanquished.

Vanquished Creatures (others)
  An oklob plant (Zot)
  A moth of wrath (Zot)
  5 ice beasts (Zot)
  An oklob sapling (Zot)
  An adder (Zot)
  An orc (Zot)
  2 hobgoblins (Zot)
  2 jackals (Zot)
  A ball python (Zot)
  2 giant newts (Zot)
  18 goblins (Zot)
  2 kobolds (Zot)
  4 quokkas (Zot)
  8 rats (Zot)
  A rat skeleton (Zot)
50 creatures vanquished.

Grand Total: 258 creatures vanquished

Notes
Turn   | Place    | Note
--------------------------------------------------------------
     0 | Zot      | Enroth, the Deep Dwarf Fighter, began the quest for the Orb.
     0 | Zot      | Reached XP level 1. HP: 20/20 MP: 1/1
   232 | Zot      | Reached XP level 2. HP: 27/27 MP: 2/2
   327 | Zot      | Reached XP level 3. HP: 32/34 MP: 3/3
   371 | Zot      | Noticed Qofogior
   386 | Zot      | Killed Qofogior the black bear
   386 | Zot      | Reached skill level 4 in Armour
   386 | Zot      | Reached skill level 1 in Dodging
   386 | Zot      | Reached XP level 4. HP: 33/42 MP: 4/4
   386 | Zot      | Reached XP level 5. HP: 38/49 MP: 5/5
   554 | Zot      | Reached skill level 5 in Shields
   561 | Zot      | Reached XP level 6. HP: 43/56 MP: 6/6
   563 | Zot      | Became a worshipper of Trog the Wrathful
   667 | Zot      | Noticed Sigmund
   693 | Zot      | Killed Sigmund
   843 | Zot      | Reached XP level 7. HP: 53/63 MP: 7/7
   886 | Zot      | Noticed Menkaure
   890 | Zot      | Killed Menkaure
   890 | Zot      | Reached skill level 5 in Armour
   960 | Zot      | Acquired Trog's first power
  1071 | Zot      | Noticed Ijyb
  1078 | Zot      | Killed Ijyb
  1147 | Zot      | Reached skill level 5 in Axes
  1147 | Zot      | Reached skill level 6 in Shields
  1150 | Zot      | Reached XP level 8. HP: 56/73 MP: 9/9
  1165 | Zot      | Noticed Rose
  1182 | Zot      | Killed Rose the wraith
  1182 | Zot      | Reached skill level 5 in Dodging
  1182 | Zot      | Reached skill level 1 in Evocations
  1240 | Zot      | Reached skill level 7 in Shields
  1268 | Zot      | Reached skill level 5 in Fighting
  1349 | Zot      | Gained mutation: You passively map the area around you. [level up]
  1349 | Zot      | Reached XP level 9. HP: 49/81 MP: 7/9
  1363 | Zot      | Noticed Terence
  1372 | Zot      | Killed Terence
  1587 | Zot      | Reached skill level 8 in Shields
  1653 | Zot      | Reached XP level 10. HP: 25/63 MP: 8/8
  1749 | Zot      | Acquired Trog's second power
  1757 | Zot      | Reached skill level 9 in Shields
  1862 | Zot      | Noticed Ulathumm
  1862 | Zot      | Ulathumm the eye of draining changed into Ulathumm the orb spider
  1867 | Zot      | Ulathumm the orb spider changed into Ulathumm the yak
  1913 | Zot      | Reached XP level 11. HP: 19/71 MP: 5/12
  1932 | Zot      | Noticed a purple draconian monk
  1932 | Zot      | Noticed a grey draconian scorcher
  1932 | Zot      | Noticed a fire dragon
  1934 | Zot      | Noticed a red ugly thing
  1934 | Zot      | Noticed a fire dragon
  1938 | Zot      | Noticed a purple draconian
  1938 | Zot      | Killed from afar by a fire dragon

Action                   |  1- 3 |  4- 6 |  7- 9 | 10-12 || total
-------------------------+-------+-------+-------+-------++-------
Melee: War axe           |    22 |    72 |   120 |       ||   214
       Hand axe          |       |       |   114 |   114 ||   228
Throw: Stone             |       |       |     4 |       ||     4
Invok: Berserk           |       |       |     2 |     2 ||     4
 Abil: Make oklob saplin |     1 |       |       |       ||     1
       Make arrow trap   |       |     6 |     1 |       ||     7
       Make altar        |       |     1 |       |       ||     1
       Make oklob plant  |       |       |     3 |       ||     3
       Make plant        |       |       |     9 |       ||     9
       Device Recharging |       |       |     4 |       ||     4
       Remove Curse      |       |       |     1 |       ||     1
       Make ice statue   |       |       |       |     2 ||     2
Evoke: Wand              |       |     3 |     8 |     9 ||    20
  Use: Potion            |       |       |     1 |     1 ||     2
       Scroll            |       |       |     1 |       ||     1
 Stab: Distracted        |     1 |     1 |     1 |     2 ||     5
